Workbook
Name _Hlk47472038: 'Results by Segment'!$B$10
Name Base: '[1]ER-Mod'!$B$3
Name empresa: '[1]ER-Mod'!$A$2
Name key: '[1]ER-Mod'!$B$2

Sheet BExRepositorySheet

Sheet Results
A1: Results
B3: Income Statement (Th$) | C3: Sept. 23 | D3: Sept. 22 | E3: % Var. | F3: 2023 / 2022
B4: Ordinary Revenues | C4: 475235519 | D4: 418745502 | E4: 0.135 | F4: 56490017
B5: Operational Costs and Expenses | C5: -245452688 | D5: -208057142 | E5: 0.18 | F5: -37395546
B6: EBITDA | C6: 229782831 | D6: 210688360 | E6: 0.091 | F6: 19094471
B7: Depreciation and Amortization | C7: -56574217 | D7: -55474301 | E7: 0.02 | F7: -1099916
B8: Income From Operations | C8: 173208614 | D8: 155214059 | E8: 0.116 | F8: 17994555
B9: Other Earnings | C9: -1774124 | D9: -1481148 | E9: 0.198 | F9: -292976
B10: Pérdidas por deterioro de valor | C10: -10816911 | D10: -11078618 | E10: >200% | F10: 261707
B11: Financial Result* | C11: -51157663 | D11: -109096777 | E11: -0.531 | F11: 57939114
B12: Tax expense | C12: -25131820 | D12: 8782203 | E12: -3.862 | F12: -33914023
B13: Discontinued operations | C13: 48143697 | D13: 27161258 | E13: 0.773 | F13: 20982439
B14: Net earnings | C14: 47001310 | D14: 26257079 | E14: 0.79 | F14: 20744231
B15: * Includes financial income, financial costs, exchange differences and results from readjustment units.
A16: Revenue Analysis
C18: Sept. 23 | F18: Sept. 22
C19: Sales | D19: Participation | F19: Sales | G19: Participation
C20: Thousands $ | F20: Thousands $
B21: Potable Water | C21: 192112033 | D21: 0.404 | F21: 166171726 | G21: 0.397
B22: Wastewater | C22: 213447688 | D22: 0.449 | F22: 190329236 | G22: 0.455
B23: Other Sanitation Income | C23: 18536115 | D23: 0.039 | F23: 15204532 | G23: 0.036
B24: Non-Sanitation Income | C24: 51139683 | D24: 0.108 | F24: 47040008 | G24: 0.112
B25: Total | C25: =SUM(C21:C24) -> 475235519 | D25: =SUM(D21:D24) -> 1 | F25: =SUM(F21:F24) -> 418745502 | G25: =SUM(G21:G24) -> 1
B27: Sales Volume (Thousands of m3 accrued) | C27: Sept. 23 | D27: Sept. 22 | E27: % Var. | G27: Difference
B28: Potable Water | C28: 389807 | D28: 384121 | E28: 0.015 | G28: 5686
B29: Wastewater Collection | C29: 374096 | D29: 368931 | E29: 0.014 | G29: 5165
B30: Wastewater Treatment and Disposal | C30: 322265 | D30: 318733 | E30: 0.011 | G30: 3532
B31: Interconnections* | C31: 90522 | D31: 89402 | E31: 0.013 | G31: 1120
B33: Customers | C33: Sept. 23 | D33: Sept. 22 | E33: % Var. | G33: Difference
B34: Potable Water | C34: 2296728 | D34: 2245345 | E34: 0.023 | G34: 51383
B35: Wastewater Collection | C35: 2251965 | D35: 2200739 | E35: 0.023 | G35: 51226
B37: Non-Sanitation Services
B39: (Thousands of $) | C39: Sept. 23 | D39: Sept. 22 | E39: % Var.
B40: EcoRiles S.A. | C40: 16391156 | D40: 14994567 | E40: 0.093
B41: Hidrogistica S.A. | C41: 6853188 | D41: 5751263 | E41: 0.192
B42: Anam S.A. | C42: 2600114 | D42: 3677602 | E42: -0.293
B43: Aguas del Maipo S.A. | C43: 6853188 | D43: 5751263 | E43: 0.192
B44: Non-regulated non-sanitation products | C44: 27624967 | D44: 25917342 | E44: 0.066

Sheet Results by Segment
B1: Accumulated Results, Water Segment
B3: Income Statement (Th$) | C3: Sept. 23 | D3: Sept. 22 | E3: % Var. | G3: 2023 / 2022
B4: External Revenue | C4: 314193531 | D4: 264897469 | E4: 0.186 | G4: 49296062
B5: Revenues Segments | C5: 815808 | D5: 525438 | E5: 0.553 | G5: 290370
B6: Operating Costs and Expenses | C6: -151297637 | D6: -119478211 | E6: 0.266 | G6: -31819426
B7: EBITDA | C7: 163711702 | D7: 145944696 | E7: 0.122 | G7: 17767006
B8: Depreciation and Amortization | C8: -36161136 | D8: -35523379 | E8: 0.018 | G8: -637757
B9: Income from Operations | C9: 127550566 | D9: 110421317 | E9: 0.155 | G9: 17129249
B10: Other Earnings (Losses) | C10: -1665207 | D10: -1013919 | E10: -2 | G10: -651288
B11: Financial Results* | C11: -35850733 | D11: -70040011 | E11: -0.488 | G11: 34189278
B12: Tax Expense | C12: -17513050 | D12: 2612849 | E12: -7.703 | G12: -20125899
B13: Minority interest | C13: -1183 | D13: -1179 | E13: 0.003 | G13: -4
B14: Net earnings | C14: 72520393 | D14: 41979057 | E14: 0.728 | G14: 30541336
B17: Accumulated Results, Non-Water Segment
B19: Income Statement (Th$) | C19: Sept. 23 | D19: Sept. 22 | E19: % Var. | G19: 2023 / 2022
B20: External Revenue | C20: 18932743 | D20: 16325136 | E20: 0.16 | G20: 2607607
B21: Revenues Segments | C21: 4909373 | D21: 2162081 | E21: 1.271 | G21: 2747292
B22: Operating Costs and Expenses | C22: -19700110 | D22: -15373524 | E22: 0.281 | G22: -4326586
B23: EBITDA | C23: 4142006 | D23: 3113693 | E23: 0.33 | G23: 1028313
B24: Depreciation and Amortization | C24: -1142530 | D24: -1000066 | E24: 0.142 | G24: -142464
B25: Income from Operations | C25: 2999476 | D25: 2113627 | E25: 0.419 | G25: 885849
B26: Other Earnings (Losses) | C26: -226109 | D26: -152539 | E26: 0.482 | G26: -73570
B27: Financial Results* | C27: -339449 | D27: -80872 | E27: 3.197 | G27: -258577
B28: Tax Expense | C28: -531529 | D28: -159566 | E28: 2.331 | G28: -371963
B29: Net earnings | C29: 1902389 | D29: 1720650 | E29: 0.106 | G29: 181739

Sheet Resultados Trim
A1: Resultados
B3: Estado de Resultados (M$) | C3: 4T21 | D3: 4T20 | E3: % Var. | G3: 4T20 - 4T19
B4: Ingresos Ordinarios | C4: 129721186 | D4: 129721186 | E4: =+ROUND(G4/D4,3) -> 0 | G4: =+C4-D4 -> 0
B5: Costos y Gastos de Operación | C5: -77210262 | D5: -77210262 | E5: =+ROUND(G5/D5,3) -> 0 | G5: =+C5-D5 -> 0
B6: EBITDA | C6: =SUM(C4:C5) -> 52510924 | D6: =SUM(D4:D5) -> 52510924 | E6: =+ROUND(G6/D6,3) -> 0 | G6: =+C6-D6 -> 0
B7: Depreciación y Amortización | C7: -17417464 | D7: -17417464 | E7: =+ROUND(G7/D7,3) -> 0 | G7: =+C7-D7 -> 0
B8: Resultado de Explotación | C8: =+C6+C7 -> 35093460 | D8: =+D6+D7 -> 35093460 | E8: =+ROUND(G8/D8,3) -> 0 | G8: =+C8-D8 -> 0
B9: Otras (Pérdidas) Ganancias | C9: -2093189 | D9: -2093189 | E9: =+ROUND(G9/D9,3) -> 0 | G9: =+C9-D9 -> 0
B10: Pérdidas por deterioro de valor | C10: -34520 | D10: -34520 | E10: >200% | G10: =+C10-D10 -> 0
B11: Resultado Financiero* | C11: -14939258 | D11: -14939258 | E11: =+ROUND(G11/D11,3) -> 0 | G11: =+C11-D11 -> 0
B12: Gasto por impuestos | C12: -2523215 | D12: -2523215 | E12: =+ROUND(G12/D12,3) -> 0 | G12: =+C12-D12 -> 0
B13: Operaciones discontinuadas | C13: 7324842 | D13: 7324842 | E13: =+ROUND(G13/D13,3) -> 0 | G13: =+C13-D13 -> 0
B14: Utilidad Neta | C14: 26175218 | D14: 37817198 | E14: =+ROUND(G14/D14,3) -> -0.308 | G14: =+C14-D14 -> -11641980

Sheet Quarterly Results
A1: Results
B3: Income Statement (Th$) | C3: 3Q23 | D3: 4Q22 | E3: % Var. | G3: 3T23 – 4T22
B4: Ordinary Revenues | C4: 142109245 | D4: 137522896 | E4: 0.033 | G4: 4586349
B5: Operational Costs and Expenses | C5: -79352217 | D5: -75290653 | E5: 0.054 | G5: -4061564
B6: EBITDA | C6: 62757028 | D6: 62232243 | E6: 0.008 | G6: 524785
B7: Depreciation and Amortization | C7: -19266471 | D7: -18968419 | E7: 0.016 | G7: -298052
B8: Income From Operations | C8: 43490557 | D8: 43263824 | E8: 0.005 | G8: 226733
B9: Other (Losses) Earnings | C9: 117193 | D9: -292555 | E9: -1.401 | G9: 409748
B10: Pérdidas por deterioro de valor | C10: 0 | D10: 0 | E10: #DIV/0! | G10: 0
B11: Financial Result* | C11: -14964828 | D11: -39029174 | E11: -0.617 | G11: 24064346
B12: Tax expense | C12: -7166643 | D12: 6285853 | E12: -2.14 | G12: -13452496
B13: Discontinued operations | C13: 11007287 | D13: 5354945 | E13: 1.056 | G13: 5652342
B14: Net earnings | C14: 10468992 | D14: 4873003 | E14: 1.148 | G14: 5595989
B15: * Includes financial income, financial costs, exchange differences and results from readjustment units.

Sheet Statement of financial position
B3: Assets | C3: Sept. 23 | D3: Dec. 22 | E3: % Var.
B4: Current Assets | C4: 293471595 | D4: 326058264 | E4: -0.1
B5: Non-Current Assets | C5: 2377071349 | D5: 2325871931 | E5: 0.022
B6: Total assets | C6: 2670542944 | D6: 2651930195 | E6: 0.007
B7: Liabilities and equity
B8: Current Liabilities | C8: 341422622 | D8: 266626154 | E8: 0.281
B9: Non- Current Liabilities | C9: 1164995243 | D9: 1274907748 | E9: -0.086
B10: Total liabilities | C10: 1506417865 | D10: 1541533902 | E10: -0.023
B12: Shareholders’ Equity | C12: 719012016 | D12: 691794448 | E12: 0.039
B13: Minority Interest | C13: 445113063 | D13: 418601845 | E13: 0.063
B14: Total Shareholders’ Equity | C14: 1164125079 | D14: 1110396293 | E14: 0.048
B15: Total Liabilities and Shareholders’ Equity | C15: 2670542944 | D15: 2651930195 | E15: 0.007
B20: Investments (ThCh$) | D20: Sept. 23
B21: Renovation of sewage networks | D21: 18075406
B22: Renewal of starters and meters | D22: 5942311
B23: Renewal of drinking water networks | D23: 5338754
B24: Replacement of La Farfana-Trebal Biofactories assets. | D24: 2971000
B25: Water efficiency plan | D25: 2395189
B26: Renewal of Vizcachitas - Tagle filters. | D26: 1494773
B27: Drilling and reinforcement of water supply system | D27: 1350874
B28: Advanced well management | D28: 1190868
B29: Paine sewage treatment plant expansion | D29: 1050399

Sheet Financial Debt
B2: Financial Debt Th$ | C2: Currency | D2: Total | E2: 12 months | F2: 1 to 3 years | G2: 3 to 5 years | H2: More than 5 years
B3: AFRs | C3: $ | D3: 1.8414316e+08 | E3: 28731082 | F3: 39086251 | G3: 36156138 | H3: 80169690
B4: Bonds | C4: $ | D4: 840574072 | E4: 23318703 | F4: 6753399 | G4: 0 | H4: 810501970
B5: Loans | C5: $ | D5: 248867969 | E5: 108254535 | F5: 90753434 | G5: 49860000 | H5: 0
B6: Forward | C6: EUR | D6: 0 | E6: 0 | F6: - | G6: - | H6: -
B7: Total other financial liabilities | D7: 1.2735852e+09 | E7: 1.6030432e+08 | F7: 1.3659308e+08 | G7: 86016138 | H7: 8.9067166e+08
B8: Leasing liabilities | C8: $ | D8: 4904469 | E8: 1761001 | F8: 1911752 | G8: 1074426 | H8: 157290
B9: Total leasing liabilities | D9: 4904469 | E9: 1761001 | F9: 1911752 | G9: 1074426 | H9: 157290
B10: Total | D10: 1.2784897e+09 | E10: 1.6206532e+08 | F10: 1.3850484e+08 | G10: 87090564 | H10: 8.9082895e+08
B12: Composición por instrumento | F12: Composición por tasas
B13: AFRs | C13: 0.144 | D13: 1.8414316e+08 | F13: Fixed | G13: 0.91 | H13: 1164060400
B14: Bonds | C14: 0.657 | D14: 840574072 | F14: Variable | G14: 0.089 | H14: 114423709
B15: Loans | C15: 0.195 | D15: 248867969 | G15: 0.999 | H15: 1278484109
B16: Forward | C16: 0 | D16: 0
B17: Leasing liabilities | C17: 0.004 | D17: 4904469
C18: 1
A44: Préstamos bancarios variable | B44: 114423709 | C44: 0.0895
A45: Préstamos bancarios fijo | B45: 134444260 | C45: 0.1052
A46: Bonos | B46: 837231300 | C46: 0.655
A47: Aportes financieros reembolsables | B47: 184143162 | C47: 0.144
A48: Derivado | B48: 0 | C48: 0
A49: Forward | B49: 3342772 | C49: 0.0026
A50: Pasivo por arrendamiento | B50: 4898906 | C50: 0.0038
A51: Total | B51: 1278484109 | C51: 1.0001
A53: Aspectos financieros al 31-03-2021
A54: Fija | C54: 0.908
A55: Variable | C55: 0.09
A56: Total | C56: 0.998
A57: Bono | C57: 0.721
A58: AFR | C58: 0.159
A59: Préstamos bancarios | C59: 0.116
A60: Derivado | C60: 0
A61: Pasivo por arrendamiento | C61: 0.004
A62: Total | C62: 1

Sheet Cash flow
B3: Cash Flow Statement (Th$) | C3: Sept. 23 | D3: Sept. 22 | E3: % Var.
B4: Operating Activities | C4: =ROUND([3]cálculos!D28,0) -> 167855539 | D4: =ROUND([3]cálculos!E28,0) -> 167107490 | E4: =ROUND((C4-D4)/D4,3) -> 0.004
B5: Investment Activities | C5: =ROUND([3]cálculos!D29,0) -> -100437509 | D5: =ROUND([3]cálculos!E29,0) -> -109281916 | E5: =ROUND((C5-D5)/D5,3) -> -0.081
B6: Financing Activities | C6: =ROUND([3]cálculos!D30,0) -> -100196933 | D6: =ROUND([3]cálculos!E30,0) -> -57890874 | E6: =ROUND((C6-D6)/D6,3) -> 0.731
B7: Net Cash Flow for the Period | C7: =SUM(C4:C6) -> -32778903 | D7: =SUM(D4:D6) -> -65300 | E7: =ROUND((C7-D7)/D7,3) -> 500.974
B8: Final Cash Balance | C8: =ROUND([3]cálculos!D33,0) -> 147766964 | D8: =ROUND([3]cálculos!E33,0) -> 164493580 | E8: =ROUND((C8-D8)/D8,3) -> -0.102
C9: 0

Sheet Indicators
D3: Sept. 23 | E3: Dec. 22
B4: Liquidity
B5: Current liquidity | C5: times | D5: 0.86 | E5: 1.22 | F5: 1.19 | G5: 0.03
B6: Acid Test Ratio | C6: times | D6: 0.43 | E6: 0.68 | F6: 0.66 | G6: 0.02
B7: Leverage | G7: 0
B8: Total Leverage | C8: times | D8: 1.29 | E8: 1.39 | F8: 1.84 | G8: -0.45
B9: Current Leverage | C9: times | D9: 0.2266 | E9: 0.173 | F9: 0.18 | G9: -0.007
B10: Non-Current Leverage | C10: times | D10: 0.7734 | E10: 0.827 | F10: 0.82 | G10: 0.007
B11: Annualized Financial Expenses Coverage | C11: times | D11: 4.22 | E11: 3.22 | F11: 3.26 | G11: -0.04
B12: Profitability | G12: 0
B13: Annualized equity profitability attributable to the controller’s property owners | C13: % | D13: 8.75 | E13: 5.96 | F13: 10.14 | G13: -4.18
B14: Annualized asset profitability | C14: % | D14: 2.36 | E14: 1.6 | F14: 3.7 | G14: -2.1
B15: Annualized earnings per share | C15: $ | D15: 62.06 | E15: 41.32 | F15: 13.93 | G15: 27.39
B16: Dividend yield (*) | C16: % | D16: 6.11 | E16: 8 | F16: 6.51 | G16: 1.49
B18: (*)The share price as of September 2023 amounts to $667.83, while as of December 2022 it amounts to $475.33.
